Warning! The script has encountered some errors when parsing the replay. Please report them to the . » details
0x00, prev: 0x16: 16 02 01 00 94 62 00 00 13 89 02 00 [00] 00 00 00 00 00 00 00 00 00 00 00 00 00 00 00 00 00 00 00 00 00 00 00 01 00 01 1F 00 12 18 00 03 00 0D 00 FF FF FF FF FF FF FF FF B7 43 2B C5 04 2C A9 C5 FF FF FF FF FF FF FF FF 01 11 00 18 01 03 1A 19 74 70 73 68 C8 56 00 00 63 CB 05 00
0x00, prev: 0x00: 16 02 01 00 94 62 00 00 13 89 02 00 00 00 00 00 00 00 00 00 00 00 00 00 00 00 00 00 00 00 00 00 00 00 [00] 00 01 00 01 1F 00 12 18 00 03 00 0D 00 FF FF FF FF FF FF FF FF B7 43 2B C5 04 2C A9 C5 FF FF FF FF FF FF FF FF 01 11 00 18 01 03 1A 19 74 70 73 68 C8 56 00 00 63 CB 05 00
0x00, prev: 0x01: 16 02 01 00 94 62 00 00 13 89 02 00 00 00 00 00 00 00 00 00 00 00 00 00 00 00 00 00 00 00 00 00 00 00 00 00 01 [00] 01 1F 00 12 18 00 03 00 0D 00 FF FF FF FF FF FF FF FF B7 43 2B C5 04 2C A9 C5 FF FF FF FF FF FF FF FF 01 11 00 18 01 03 1A 19 74 70 73 68 C8 56 00 00 63 CB 05 00
0x00, prev: 0x02: 16 02 0A 00 82 68 00 00 6F 23 01 00 87 65 00 00 5A A8 00 00 A0 13 00 00 99 02 04 00 A5 35 00 00 FC AB 01 00 0F 5D 00 00 E1 C4 01 00 68 5E 00 00 C9 8A 04 00 C7 64 00 00 88 25 02 00 0B 65 00 00 25 82 03 00 19 67 00 00 0D 8A 03 00 49 67 00 00 2A 86 02 00 00 00 00 00 00 00 00 00 00 00 00 00 00 00 00 00 00 00 00 00 00 00 00 00 02 [00] 01 11 00 18 00 03 1A 19 67 6D 61 48 31 68 00 00 3D 97 00 00
General information
- name: BNet
- type: Ladder 1vs1/FFA
- host: Battle.net
- saver: Cpt.Pancakes
map: TwistedMeadows
- players: 2
- length: 23:21
- speed: Fast
- version: 1.23 W3XP
- replay type: Public
» download(98 KB)
Players
team 1 (winner)
Cpt.Pancakes (
orange | 218 APM | 3234 actions | 14:49)
5 Archmage
3 Summon Water Elemental
2 Brilliance Aura
4 Mountain King
2 Storm Bolt
2 Bash
» actions
| Assign group hotkey | 38 | |
| Basic commands | 45 | |
| Build / train | 84 | |
| ESC pressed | 2 | |
| Enter build submenu | 16 | |
| Enter hero's abilities submenu | 10 | |
| Give item / drop item | 8 | |
| Right click | 1642 | |
| Select / deselect | 628 | |
| Select group hotkey | 670 | |
| Use ability | 91 | |
3234 total
» units
| Peasant | 21 | |
| Footman | 7 | |
| Spell Breaker | 11 | |
| Priest | 9 | |
48 total
» upgrades
| Priest Training | 1 | |
| Magic Sentry | 1 | |
2 total
» buildings
| Altar of Kings | 1 | |
| Farm | 8 | |
| Barracks | 1 | |
| Scout Tower | 2 | |
| Arcane Tower | 2 | |
| Keep | 1 | |
| Arcane Vault | 1 | |
| Arcane Sanctum | 2 | |
18 total
» build order
00:05 Altar of Kings
00:07 Farm
00:53 Barracks
01:03 Farm
02:43 Farm
03:09 Scout Tower
03:35 Farm
03:43 Arcane Tower
04:49 Keep
05:08 Arcane Vault
05:26 Farm
07:21 Scout Tower
07:52 Arcane Tower
08:20 Arcane Sanctum
09:42 Farm
10:12 Farm
» items
| Lesser Clarity Potion | 1 | |
| Scroll of Regeneration | 3 | |
| Staff of Teleportation | 1 | |
| Potion of Healing | 2 | |
| Scroll of Town Portal | 2 | |
| Potion of Lesser Invulnerability | 1 | |
| Scroll of Healing | 4 | |
14 total
team 2 (loser)
Yippie (
yellow | 176 APM | 2609 actions | 14:49)
4 Archmage
2 Blizzard
2 Brilliance Aura
4 Pandaren Brewmaster
2 Breath of Fire
2 Drunken Haze
» actions
| Assign group hotkey | 62 | |
| Basic commands | 115 | |
| Build / train | 84 | |
| ESC pressed | 8 | |
| Enter build submenu | 20 | |
| Enter hero's abilities submenu | 9 | |
| Give item / drop item | 8 | |
| Right click | 1007 | |
| Select / deselect | 597 | |
| Select group hotkey | 540 | |
| Use ability | 159 | |
2609 total
» units
| Peasant | 15 | |
| Sorceress | 3 | |
| Priest | 3 | |
| Spell Breaker | 10 | |
| Goblin Shredder | 3 | |
34 total
» upgrades
| Lumber Harvesting | 1 | |
| Priest Training | 1 | |
| Control Magic | 1 | |
3 total
» buildings
| Altar of Kings | 1 | |
| Farm | 8 | |
| Scout Tower | 2 | |
| Keep | 2 | |
| Arcane Tower | 4 | |
| Arcane Vault | 2 | |
| Arcane Sanctum | 2 | |
| Lumber Mill | 1 | |
| Town Hall | 1 | |
| Castle | 1 | |
| Blacksmith | 1 | |
25 total
» build order
00:06 Altar of Kings
00:33 Farm
01:50 Scout Tower
02:08 Keep
02:08 Keep
02:10 Scout Tower
02:34 Arcane Tower
02:34 Arcane Tower
02:35 Farm
02:59 Arcane Tower
03:01 Arcane Vault
03:18 Farm
04:45 Arcane Sanctum
04:46 Arcane Sanctum
05:18 Farm
05:20 Arcane Vault
05:52 Farm
05:56 Lumber Mill
07:21 Farm
08:15 Farm
09:11 Farm
09:28 Town Hall
09:42 Blacksmith
» items
| Scroll of Regeneration | 5 | |
| Lesser Clarity Potion | 5 | |
| Scroll of Town Portal | 4 | |
| Potion of Healing | 5 | |
| Tome of Retraining | 1 | |
| Scroll of Healing | 2 | |
| Potion of Lesser Invulnerability | 1 | |
23 total
Chat log
(03:02 / All) Yippie: gg
(03:09 / All) Yippie: keep at thge replays
(09:42 / All) Yippie: gg
(11:21 / All) Cpt.Pancakes: lolllll
(11:27 / All) Yippie: ?
(11:33 / All) Yippie: u laughing cause u bad?
(11:34 / All) Cpt.Pancakes: you sure are cocky for a maphacking noob
(11:36 / All) Yippie: or?
(11:38 / All) Yippie: u suck kid
(11:42 / All) Cpt.Pancakes: you hack
(11:47 / All) Yippie: ur gonna lose to a straight tech human
(11:48 / All) Yippie: haha
(11:51 / All) Yippie: grats
(11:53 / All) Cpt.Pancakes: you
(11:54 / All) Cpt.Pancakes: hack
(11:56 / All) Cpt.Pancakes: fyi
(12:00 / All) Yippie: gyi
(12:01 / All) Cpt.Pancakes: you dont get to brag about a thing
(12:02 / All) Yippie: fyi
(12:02 / All) Yippie: ur bad
(14:49 / All) Cpt.Pancakes: congrats on the surround